 Dungeon Crawl Stone Soup version 0.31.0-32-g396128a36d (webtiles) character file.

Game seed: 9618842091764512610

2359 Nogual the Skirmisher (level 9, -4/50 HPs)
             Began as a Gargoyle Hunter on Apr 4, 2024.
             Was a Priest of Hepliaklqana.
             Slain by a juvenile batox beast (8 damage)
             ... on level 7 of the Dungeon.
             The game lasted 00:20:03 (7050 turns).

Nogual the Skirmisher (Gargoyle Hunter)             Turns: 7050, Time: 00:20:03

Health: -4/50      AC: 19    Str: 15    XL:     9   Next: 44%
Magic:  9/9        EV: 26    Int: 15    God:    Hepliaklqana [***...]
Gold:   1322       SH:  0    Dex: 23    Spells: 8/8 levels left

rFire   + . .        w - +0 longbow
rCold   . . .        (shield currently unavailable)
rNeg    + + +        p - +4 ring mail
rPois   ∞            (no helmet)
rElec   +            (no cloak)
rCorr   +            v - +0 pair of gloves "Fumuod" {rN+}
SInv    .            j - +0 pair of boots
Will    .....        q - amulet of the acrobat
Stlth   ++           o - ring of resist corrosion
HPRegen 0.28/turn    k - ring "Woanyim" {rF+ rN++ Int+5 Dex+6}
MPRegen 0.11/turn

%: acrobat
@: acrobatic
A: reduced essence, sickness immunity, AC +6, negative energy resistance 1,
electricity resistance, torment resistance 1, petrification resistance
a: Renounce Religion, Recall Ancestor, Ancestor Identity, Transference


You were on level 7 of the Dungeon.
You worshipped Hepliaklqana.
Hepliaklqana was most pleased with you.
You visited 2 branches of the dungeon, and saw 8 of its levels.

You collected 1322 gold pieces.

Inventory:

Hand Weapons
 w - a +0 longbow (weapon)
Missiles
 f - 7 poisoned darts
Armour
 c - a +0 leather armour
 j - a +0 pair of boots (worn)
 p - a +4 ring mail (worn)
 v - the +0 pair of gloves "Fumuod" (worn) {rN+}
   (You acquired it on level 7 of the Dungeon)

   rN+:       It protects you from negative energy.
Jewellery
 k - the ring "Woanyim" (right hand) {rF+ rN++ Int+5 Dex+6}
   (You acquired it on level 7 of the Dungeon)

   [ring of dexterity]

   Int+5:     It affects your intelligence (+5).
   Dex+6:     It affects your dexterity (+6).
   rF+:       It protects you from fire.
   rN++:      It greatly protects you from negative energy.
 o - a ring of resist corrosion (left hand)
 q - an amulet of the acrobat (around neck)
 s - an amulet of magic regeneration
Wands
 n - a wand of digging (8)
 u - a wand of charming (6)
Scrolls
 a - a scroll of torment
 b - a scroll of butterflies
 g - a scroll of immolation
 h - 4 scrolls of teleportation
 l - a scroll of fog
 t - a scroll of revelation
 y - a scroll of poison {unknown}
Potions
 d - a potion of mutation
 m - 2 potions of lignification
 r - a potion of degeneration
 z - a potion of magic
Miscellaneous
 i - a box of beasts (inert)


   Skills:
 + Level 6.8 Fighting
 - Level 10.0 Ranged Weapons
 + Level 6.3 Armour
 - Level 1.5 Dodging
 - Level 1.1 Stealth


You had 8 spell levels left.
You didn't know any spells.
Your spell library contained the following spells:

 Spells                   Type           Power      Damage    Failure   Level
 Kiss of Death            Conj/Necr      0%         2d5       43%         1
 Necrotise                Necr           0%         1d4       43%         1
 Static Discharge         Conj/Air       0%         3-3/arc   58%         2
 Confusing Touch          Hex            0%         N/A       82%         3
 Inner Flame              Hex/Fire       0%         N/A       82%         3
 Vampiric Draining        Necr           0%         2d6       82%         3
 Airstrike                Air            0%         2d(0-16)  99%         4
 Dispel Undead            Necr           0%         3d6       99%         4
 Flame Wave               Conj/Fire      0%         2d4       99%         4
 Martyr's Knell           Necr/Summ      0%         N/A       99%         4
 Sticky Flame             Fire/Alch      0%         2d4       99%         4
 Summon Lightning Spire   Summ/Air       0%         N/A       99%         4
 Curse of Agony           Necr           0%         N/A       100%        5


Dungeon Overview and Level Annotations

Branches:
Dungeon (7/15)             Temple (1/1) D:4

Altars:
Ashenzari
Cheibriados
Dithmenos
Elyvilon
Fedhas
Gozag
Hepliaklqana
Kikubaaqudgha
Makhleb
Nemelex Xobeh
Okawaru
Qazlal
Ru
Sif Muna
Uskayaw
Vehumet
Wu Jian
Xom
Yredelemnul
Zin
The Shining One

Annotations:
Temple 2 transporters


Innate Abilities, Weirdness & Mutations

Your life essence is reduced to manifest your ancestor. (-10% HP)
You are immune to sickness and miasma.
Your stone body is resilient. (AC +6)
You are immune to poison.
You resist negative energy. (rN+)
You are resistant to electric shocks. (rElec)
You are resistant to unholy torment.
You are immune to petrification.


Message History

The juvenile batox beast hits you. The juvenile batox beast tramples you.
You hold your ground!
The juvenile batox beast hits you!
* * * LOW HITPOINT WARNING * * *
The juvenile batox beast misses you.
The juvenile batox beast barely misses Necuametl. x2
Your larval stingox beast hits the juvenile batox beast but does no damage.
Your larval stingox beast stings the juvenile batox beast but does no damage.
Your larval stingox beast tramples the juvenile batox beast but does no damage.
Necuametl hits the juvenile batox beast with a +0 flail.
Okay, then.
Blink to where?
Press: ? - help, Dir - move target, p - juvenile batox beast A bullfrog comes into view.
As you read the scroll of blinking, it crumbles to dust.
Your larval stingox beast closely misses the juvenile batox beast.
Your larval stingox beast stings the juvenile batox beast but does no damage.
Your larval stingox beast tramples the juvenile batox beast.
The juvenile batox beast holds its ground!
The juvenile batox beast hits your larval stingox beast.
The juvenile batox beast tramples your larval stingox beast but does no damage.
Necuametl hits the juvenile batox beast but does no damage.
Your larval stingox beast hits the juvenile batox beast but does no damage.
Your larval stingox beast barely misses the juvenile batox beast.
Your larval stingox beast tramples the juvenile batox beast but does no damage.
The bullfrog closely misses you. The bullfrog closely misses you.
Aiming: Quicksilver Bolt
Press: ? - help, Shift-Dir - straight line, f - juvenile batox beast
Aim: a juvenile batox beast (almost dead, ally target, 90% to hit)
The bolt of dispelling energy misses the bullfrog.
The bolt of dispelling energy hits the juvenile batox beast but does no damage.
The juvenile batox beast is almost dead.
Necuametl avoids your attack.
The now-empty wand crumbles to dust.
The bullfrog hits you.
* * * LOW HITPOINT WARNING * * *
The bullfrog releases a deep croak.
The bullfrog hits you.
* * * LOW HITPOINT WARNING * * *
The juvenile batox beast hits you!
You die...

#.<.....#...###
##########.## #.# #.#
##### ##'## ##...###
##...## #......# #.....##
###......####.....## #
#..#H@#....##......###
#.##...F..............+..
#....#......#.........###
#...............##...##
#.#...........#..#..## #
##..R..........#.##
#....H.......####
#.........#..#
##.......##..#########


You could see the friendly Necuametl the knight, a juvenile batox beast (ally
target), a bullfrog and a friendly larval stingox beast (summoned).

Vanquished Creatures
  A hornet (D:7)
  Grinder (D:3)
  Sigmund (D:3)
  Menkaure (D:5)
  An ice beast (D:5)
  A bullfrog (D:6)
  2 scorpions
  3 killer bees (D:7)
  5 mutant beasts (D:7)
  3 howler monkeys
  3 hounds
  A jelly (D:7)
  An orc priest (D:6)
  A gnoll bouda (D:6)
  2 iguanas
  2 orc wizards
  4 gnolls (D:6)
  5 adders
  2 white imps
  2 ufetubi (D:6)
  2 ribbon worms
  5 dart slugs
  14 orcs
  9 endoplasms
  5 giant cockroaches
  3 goblins
  4 hobgoblins
  2 jackals (D:3)
  3 kobolds
  7 quokkas
  13 ball pythons
  5 bats
  5 frilled lizards
  11 rats
130 creatures vanquished.

Vanquished Creatures (collateral kills)
  A black bear (D:6)
  2 ogres
  A centaur (D:7)
  A howler monkey (D:7)
  A hound (D:5)
  A bombardier beetle (D:5)
  A jelly (D:6)
  A mutant beast (D:7)
9 creatures vanquished.

Vanquished Creatures (others)
  2 knights
2 creatures vanquished.

Grand Total: 141 creatures vanquished

Notes
Turn   | Place    | Note
-------+----------+-------------------------------------------
     0 | D:1      | Nogual the Gargoyle Hunter began the quest for the Orb.
     0 | D:1      | Reached XP level 1. HP: 12/12 MP: 1/1
   138 | D:1      | Reached XP level 2. HP: 10/17 MP: 2/2
   765 | D:2      | Reached XP level 3. HP: 21/21 MP: 3/3
   852 | D:2      | Reached skill level 5 in Ranged Weapons
  1299 | D:3      | Noticed Sigmund
  1302 | D:3      | Reached XP level 4. HP: 26/26 MP: 4/4
  1520 | D:3      | Found a shadowy altar of Dithmenos.
  1570 | D:3      | Found a sparkling altar of Nemelex Xobeh.
  1635 | D:3      | Noticed Grinder
  1637 | D:3      | Paralysed by Grinder for 4 turns
  1938 | D:3      | Killed Sigmund
  1939 | D:3      | Reached skill level 7 in Ranged Weapons
  1939 | D:3      | Reached XP level 5. HP: 22/30 MP: 5/5
  1939 | D:3      | Reached XP level 6. HP: 26/35 MP: 6/6
  1994 | D:3      | Paralysed by Grinder for 3 turns
  2007 | D:3      | Killed Grinder
  2008 | D:3      | Reached skill level 8 in Ranged Weapons
  2008 | D:3      | Reached XP level 7. HP: 23/40 MP: 7/7
  2551 | D:4      | Found a staircase to the Ecumenical Temple.
  2563 | Temple   | Found a transporter.
  2563 | Temple   | Found a transporter.
  2563 | Temple   | Found a transporter.
  2563 | Temple   | Found a transporter.
  2563 | Temple   | Entered the Ecumenical Temple
  2580 | Temple   | Became a worshipper of Hepliaklqana the Forgotten
  2936 | D:4      | Reached * piety under Hepliaklqana
  3671 | D:5      | Entered Level 5 of the Dungeon
  3678 | D:5      | Reached skill level 9 in Ranged Weapons
  3767 | D:5      | Reached ** piety under Hepliaklqana
  3768 | D:5      | Remembered your ancestor Necuametl as a knight
  4268 | D:5      | Found a shimmering altar of Xom.
  4270 | D:5      | Noticed Menkaure
  4273 | D:5      | Reached XP level 8. HP: 39/39 MP: 8/8
  4278 | D:5      | Killed Menkaure
  4279 | D:5      | Reached skill level 10 in Ranged Weapons
  4279 | D:5      | Reached skill level 1 in Armour
  4308 | D:5      | Found an opulent altar of Gozag.
  4414 | D:5      | Found a sacrificial altar of Ru.
  4759 | D:5      | Found a radiant altar of Vehumet.
  4917 | D:6      | Found a glowing silver altar of Zin.
  5001 | D:6      | Found a stormy altar of Qazlal.
  5544 | D:6      | Reached *** piety under Hepliaklqana
  5884 | D:7      | Noticed a juvenile batox beast
  6210 | D:7      | Reached skill level 5 in Fighting
  6340 | D:7      | Noticed a hornet
  6345 | D:7      | Killed a hornet
  6346 | D:7      | Reached skill level 5 in Armour
  6346 | D:7      | Reached XP level 9. HP: 49/49 MP: 9/9
  6843 | D:7      | Identified 3 scrolls of acquirement
  6844 | D:7      | Acquired 1017 gold pieces
  6846 | D:7      | Acquired the +0 pair of gloves "Fumuod" {rN+}
  6848 | D:7      | Acquired the ring "Woanyim" {rF+ rN++ Int+5 Dex+6}
  7050 | D:7      | Slain by a juvenile batox beast

Illustrated notes

Levels and vault maps discovered:
D:1:      mrwooster_arrival_arrow, layout_rooms
D:2:      layout_loops_ring, minmay_domino_4
D:3:      layout_basic, mainiacjoe_overflow_concentric_impassable,
          lemuel_coloured_pillars_altar, minmay_misc_feat_room,
          palyth_stone_intersect, grunt_ministairs_2, st_stairs_10,
          chequers_serial_rivers_large_b, uniq_grinder, uniq_sigmund
D:4:      layout_layer_cave, minmay_temple_entry_junction
D:5:      layout_basic, lemuel_round_altar, grunt_temple_overflow_open,
          kennysheep_mini, uniq_menkaure
D:6:      layout_basic, mainiacjoe_overflow_catch_the_wave
D:7:      layout_loops_corners, nicolae_beast_mode
Temple:   hellmonk_temple_divided_pantheon

Skill      XL: |  1  2  3  4  5  6  7  8  9 |
---------------+----------------------------+-----
Ranged Weapons | 5 7 8 9 10 | 10.0
Armour         | 5 6 |  6.3
Fighting       | 5 6 |  6.8
Dodging        | |  1.5
Stealth        | |  1.1

Action                     |  1- 3 |  4- 6 |  7- 9 || total
---------------------------+-------+-------+-------++-------
   Fire: Shortbow          |   123 |    80 |   231 ||   434
         Longbow           |       |       |    77 ||    77
 Invoke: Ancestor Life: Kn |       |       |     1 ||     1
         Transference      |       |       |     1 ||     1
  Evoke: Wand              |       |       |     3 ||     3
         Box of beasts     |       |       |     1 ||     1
    Use: Scroll            |       |       |    17 ||    17
         Potion            |       |       |     8 ||     8
 Armour: Leather armour    |    30 |    50 |     4 ||    84
         Ring mail         |       |       |   102 ||   102
  Dodge: Dodged            |    30 |    33 |   105 ||   168
